AoeStats
← juan.baldez

Black Forest

509514209Analyzed
4v4 RM · 6d ago on Sep 27, 2026· 51m 10s· 8 players
Game mode
Random Map
Map size
Large (8 player)
Population
200
Speed
Normal
Resources
Standard
Victory
Conquest
Starting age
Dark Age
Ending age
Imperial Age
RankedLock teamsTeams togetherTeam positionsShared explorationLock speedFull tech treeHidden civsTurbo modeCheats
Victory
Defeat
🇫🇮 Goths · Finland
1093
+14
🇧🇷 Mongols · Brazil
1077
+39
🇲🇽 Khmer · Mexico
1028
+17
🇲🇽 Vikings · Mexico
1000
+55
🇧🇷 Persians · Brazil
1142
-19
🇧🇷 Turks · Brazil
1111
-18
🇧🇷 Britons · Brazil
1090
-18
🇧🇷 Franks · Brazil
874
-9
Riderelph
10:44 Feudal Age
12:13 Wheelbarrow
14:34 Castle Age
12:19 Loom
14:40 Castle Age
12:57 Double-Bit Axe
13:13 Horse Collar
23:15 Stone Mining
23:57 Heavy Plow
23:52 Gold Mining
24:56 Caravan
26:07 Stone Shaft Mining
26:08 Gold Shaft Mining
26:22 Bloodlines
26:12 Husbandry
27:19 Hand Cart
28:07 Town Watch
29:13 Scale Barding Armor
29:18 Forging
29:24 Husbandry
31:06 Chain Barding Armor
31:22 Iron Casting
31:10 Town Patrol
35:59 Imperial Age
34:34 Coinage
34:02 Light Cavalry
35:35 Gold Shaft Mining
37:01 Conscription
36:02 Elite Ballista Elephant
36:04 Cavalier
37:27 Plate Barding Armor
38:01 Chemistry
40:04 Hoardings
40:26 Double Crossbow
40:54 Hussar
43:01 Siege Engineers
43:07 Fortified Wall
43:08 Masonry
49:47 Bow Saw
50:09 Crop Rotation
alanmora813
17:29 Feudal Age
19:45 Double-Bit Axe
19:53 Gold Mining
24:30 Castle Age
22:28 Horse Collar
29:16 Bow Saw
29:46 Gold Shaft Mining
29:04 Stone Mining
28:57 Pikeman
29:35 Arson
29:57 Squires
30:52 Forging
30:33 Fletching
30:44 Padded Archer Armor
30:44 Scale Mail Armor
47:11 Heavy Plow
juan.baldez
8:37 Loom
10:38 Feudal Age
15:32 Castle Age
13:59 Double-Bit Axe
14:11 Horse Collar
18:18 Wheelbarrow
17:51 Heavy Plow
23:32 Bow Saw
23:25 Town Watch
24:55 Fletching
29:30 Imperial Age
27:43 Bodkin Arrow
27:54 Scale Barding Armor
27:49 Padded Archer Armor
28:44 Hand Cart
30:06 Capped Ram
30:55 Bracer
31:43 Conscription
31:38 Man-at-Arms
31:52 Siege Ram
32:20 Light Cavalry
33:12 Bloodlines
34:19 Elite Mangudai
39:57 Chain Barding Armor
39:53 Leather Archer Armor
39:48 Forging
41:41 Chemistry
41:07 Ballistics
40:46 Hussar
44:41 Iron Casting
45:11 Caravan
47:02 Drill
48:20 Husbandry
49:20 Siege Engineers
Titan
11:28 Feudal Age
15:03 Castle Age
12:46 Horse Collar
12:52 Double-Bit Axe
16:01 Bow Saw
16:20 Heavy Plow
20:40 Loom
20:43 Town Watch
22:14 Gold Mining
25:21 Wheelbarrow
25:16 Stone Mining
26:31 Squires
26:51 Fletching
31:04 Imperial Age
28:51 Scale Mail Armor
29:01 Forging
29:06 Pikeman
30:40 Stone Shaft Mining
30:41 Chain Mail Armor
30:01 Man-at-Arms
31:25 Iron Casting
31:29 Ballistics
31:07 Murder Holes
31:28 Masonry
30:42 Long Swordsman
32:56 Chemistry
32:08 Masonry
31:54 Murder Holes
31:40 Treadmill Crane
32:22 Conscription
32:02 Bodkin Arrow
31:42 Halberdier
32:46 Anarchy
33:27 Elite Huskarl
33:48 Two-Handed Swordsman
37:01 Blast Furnace
36:02 Bracer
38:15 Architecture
39:19 Perfusion
41:46 Two-Man Saw
41:29 Crop Rotation
44:37 Padded Archer Armor
44:43 Scale Barding Armor
44:59 Hand Cart
44:44 Town Patrol
45:12 Guilds
Mkc
0:26 Loom
13:16 Feudal Age
18:06 Castle Age
23:40 Imperial Age
21:41 Double-Bit Axe
24:16 Bow Saw
23:57 Gold Mining
30:52 Padded Archer Armor
34:31 Wheelbarrow
34:58 Two-Man Saw
34:42 Leather Archer Armor
35:27 Town Watch
43:18 Horse Collar
44:15 Gold Shaft Mining
43:30 Stone Mining
44:36 Heavy Camel Rider
45:17 Husbandry
47:47 Scale Barding Armor
48:50 Bloodlines
49:38 Chain Barding Armor
50:22 Forging
51:03 Hand Cart
guilherhand
1:13 Loom
12:17 Feudal Age
15:28 Double-Bit Axe
17:31 Scale Barding Armor
20:23 Castle Age
19:17 Forging
20:33 Wheelbarrow
19:43 Town Watch
19:46 Loom
22:43 Husbandry
23:04 Bow Saw
23:15 Gold Mining
31:08 Chain Barding Armor
34:05 Imperial Age
31:42 Ordonnance Companies
34:24 Iron Casting
33:41 Fletching
34:09 Cavalier
35:33 Plate Barding Armor
42:57 Cranequins
43:39 Elite Skirmisher
48:11 Chemistry
duduh69
1:09 Loom
10:45 Feudal Age
12:00 Double-Bit Axe
14:12 Town Watch
17:10 Castle Age
16:18 Horse Collar
16:33 Gold Mining
17:21 Stone Mining
18:17 Bow Saw
18:09 Heavy Plow
24:35 Gold Shaft Mining
26:11 Fletching
27:36 Bodkin Arrow
27:02 Crossbowman
29:16 Wheelbarrow
34:16 Imperial Age
32:03 Hand Cart
31:55 Padded Archer Armor
33:45 Leather Archer Armor
33:52 Ballistics
35:19 Arbalester
35:59 Bracer
37:44 Chemistry
40:41 Elite Skirmisher
Lucas Capita
0:27 Loom
12:02 Feudal Age
12:20 Horse Collar
12:26 Double-Bit Axe
19:07 Castle Age
17:32 Stone Mining
20:57 Wheelbarrow
21:45 Hand Cart
21:32 Heavy Plow
24:44 Gold Mining
30:56 Imperial Age
28:42 Bow Saw
28:25 Fletching
28:45 Forging
29:58 Bodkin Arrow
30:05 Padded Archer Armor
30:24 Town Watch
31:33 Gold Shaft Mining
32:21 Two-Man Saw
32:40 Chemistry
32:24 Scale Barding Armor
32:33 Husbandry
32:44 Bloodlines
31:54 Light Cavalry
32:58 Conscription
32:39 Kamandaran
33:00 Town Patrol
33:02 Caravan
33:41 Crop Rotation
33:34 Ballistics
32:40 Elite War Elephant
34:12 Guilds
33:52 Hussar
35:13 Hoardings
35:30 Iron Casting
36:18 Citadels
35:44 Crossbowman
38:31 Thumb Ring
38:34 Heavy Camel Rider
39:49 Leather Archer Armor
40:35 Blast Furnace
39:56 Chain Barding Armor
39:36 Murder Holes
40:15 Cavalier
41:21 Savar
43:06 Ring Archer Armor
42:34 Onager
Connection lost

Rejoining the realm…

Still unreachable

The connection could not be restored.

Session expired

The server has moved on; the page needs a fresh start.